 Dungeon Crawl Stone Soup version 0.30-a0-347-gf58ed5266c (webtiles) character file.

Game seed: 5462175823400806485

976 mcwallace the Shield-Bearer (level 8, -3/42 HPs)
             Began as a Vine Stalker Fighter on Nov 6, 2022.
             Slain by Pikel
             ... wielding a +2 whip of electrocution
              (14 damage)
             ... on level 4 of the Dungeon.
             The game lasted 00:10:22 (4195 turns).

mcwallace the Shield-Bearer (Vine Stalker Fighter)  Turns: 4195, Time: 00:10:23

Health: -3/42      AC:  5    Str: 20    XL:     8   Next: 16%
Magic:  0/15       EV: 10    Int: 10    God:
Gold:   152        SH:  5    Dex: 13    Spells: 15/15 levels left

rFire   . . .      SeeInvis .    I - +2 whip (flame) {mace}
rCold   . . .      Faith    .    c - +0 buckler
rNeg    . . .      Spirit   +    M - +0 troll leather armour {Pargi}
rPois   .          Reflect  .    (no helmet)
rElec   .          Harm     .    S - +0 cloak
rCorr   .          Rampage  .    (no gloves)
Will    ++...                    (no boots)
Stlth   +.........               (no amulet)
HPRegen 1.87/turn                A - ring of willpower
MPRegen 0.14/turn                (no ring)

@: no status effects
A: fangs 3, regeneration 1, magic shield, antimagic bite, no potion heal 2
a: no special abilities


You were on level 4 of the Dungeon.
You visited 1 branch of the dungeon, and saw 5 of its levels.

You collected 172 gold pieces.
You spent 20 gold pieces at shops.


Innate Abilities, Weirdness & Mutations

You have razor-sharp teeth.
Your natural rate of healing is unusually fast.
When hurt, damage is shared between your health and your magic reserves.
Your bite disrupts and absorbs the magic of your enemies.
Potions cannot restore your health.


   Skills:
 + Level 4.7 Fighting
 - Level 3.0 Axes
 - Level 3.2 Armour
 + Level 4.8 Shields
 + Level 4.1 Spellcasting
 + Level 3.1 Fire Magic


You had 15 spell levels left.
You didn't know any spells.
Your spell library contained the following spells:

 Spells                   Type           Power      Damage    Failure   Level
 Magic Dart               Conj           8%         1d3       36%         1
 Shock                    Conj/Air       8%         1d3       36%         1
 Call Imp                 Summ           2%         N/A       50%         2
 Cigotuvi's Dreadful Rot  Necr/Pois/Air  4%         N/A       50%         2
 Poisonous Vapours        Pois/Air       4%         N/A       50%         2
 Mephitic Cloud           Conj/Pois/Air  2%         N/A       75%         3
 Portal Projectile        Hex/Tloc       4%         N/A       75%         3
 Swiftness                Air            2%         N/A       75%         3
 Tukima's Dance           Hex            2%         N/A       75%         3
 Airstrike                Air            1%         2d(1-17)  98%         4
 Olgreb's Toxic Radiance  Pois           2%         N/A       98%         4
 Blade Hands              Tmut           1%         N/A       100%        5
 Ozocubu's Refrigeration  Ice            1%         4d7       100%        7
 Ignition                 Fire           4%         3d4       100%        8

Inventory:

Hand Weapons
 a - a +0 war axe {axe}
 I - a +2 whip of flaming (weapon) {mace}
   (You took it off an orc on level 3 of the Dungeon)
 K - a +0 trident {polearm}
   (You took it off an orc on level 3 of the Dungeon)
 X - a +3 dire flail of holy wrath {mace}
   (You took it off Edmund on level 4 of the Dungeon)
Missiles
 f - 50 stones (quivered) {throwing}
 u - 8 poisoned darts {throwing}
Armour
 b - a +0 scale mail
 c - a +0 buckler (worn)
 k - a +0 leather armour
   (You found it on level 3 of the Dungeon)
 n - a +0 leather armour
   (You found it on level 3 of the Dungeon)
 q - a +0 plate armour
   (You found it on level 1 of the Dungeon)
 w - a +0 ring mail
   (You found it on level 3 of the Dungeon)
 C - a +0 leather armour
   (You took it off an orc on level 3 of the Dungeon)
 D - a +0 leather armour
   (You took it off an orc on level 3 of the Dungeon)
 E - a +0 ring mail
   (You took it off an orc on level 3 of the Dungeon)
 F - a +0 leather armour
   (You took it off an orc on level 3 of the Dungeon)
 G - a +0 robe
   (You took it off an orc wizard on level 3 of the Dungeon)
 H - a +0 robe
   (You took it off an orc wizard on level 3 of the Dungeon)
 J - a +0 leather armour
   (You took it off an orc on level 3 of the Dungeon)
 M - a +0 troll leather armour (worn) {Pargi}
   (You found it on level 3 of the Dungeon)
 N - a +1 robe of positive energy
   (You took it off Jessica on level 3 of the Dungeon)
 P - a +2 robe of cold resistance
   (You took it off an orc wizard on level 4 of the Dungeon)
 Q - a +0 leather armour
   (You took it off an orc on level 4 of the Dungeon)
 R - a +0 robe
   (You took it off an orc wizard on level 4 of the Dungeon)
 S - a +0 cloak (worn)
   (You found it on level 4 of the Dungeon)
 W - a +0 ring mail
   (You took it off Edmund on level 4 of the Dungeon)
 Y - a +0 chain mail
   (You took it off an orc on level 4 of the Dungeon)
 Z - a +0 leather armour
   (You took it off an orc on level 4 of the Dungeon)
Magical Staves
 z - a staff of conjuration {!a@e2staff}
   (You found it on level 2 of the Dungeon)
Jewellery
 A - a ring of willpower (left hand)
   (You found it on level 2 of the Dungeon)
Wands
 O - a wand of digging (3)
   (You took it off Jessica on level 3 of the Dungeon)
Scrolls
 e - a scroll of noise {unknown}
 i - 3 scrolls of teleportation {@r4}
 j - a scroll of vulnerability {unknown}
 l - 2 scrolls of torment {!r}
 p - 3 scrolls of blinking {!r}
 r - a scroll of enchant weapon {unknown}
 t - a scroll of magic mapping {unknown}
 v - 2 scrolls of summoning {unknown}
 y - a scroll of immolation {unknown}
 B - a scroll of poison {unknown}
 L - a scroll of enchant armour
 T - a scroll of identify {@r1}
 U - 2 scrolls of amnesia {unknown}
Potions
 d - 3 potions of might
 g - 8 potions of curing {@q1}
 h - 3 potions of heal wounds {unknown}
 m - a potion of resistance {unknown}
 o - a potion of attraction {unknown}
 s - 3 potions of degeneration {unknown}
 x - a potion of lignification {unknown}

Dungeon Overview and Level Annotations

Branches:
Dungeon (5/15) Zot: 25717
 Temple: D:4-7

Altars:
Cheibriados
Gozag
Kikubaaqudgha
Ru
The Shining One

Shops:
D:3 *

Annotations:
D:4 Pikel

.###.#)#..# #.#####.# #..
.#.....#.#####.# #.# ###
.###.###..)....# #.# #..
...#.#...#)##### ###.### #..
#..###..#...## #.....# #..
#......#.....## #.#.#.# #..
..#####.......## #.#.#.### #..
..####........<###.......######..
>....+.........'@Kg..............
..####.........###.......######..
.## ##.......## #.#.#.#.# #.. ##
##.....## #....)..# ##. ##...##
######.## #. ##+## #.# #.
#.###### #g# #. #......# #.# #.
##########.####.#######.# #.


You could see Pikel and a gnoll.


Message History

😨 HP[+2]
You regained 2 hp, and now have 14/42 hp. 😨 HP[+2]
You regained 2 hp, and now have 16/42 hp. 😨 HP[+2]
You regained 2 hp, and now have 18/42 hp. 😨 HP[+2]
You regained 2 hp, and now have 20/42 hp. 😮 HP[+2] MP[+1]
You regained 2 hp, and now have 22/42 hp. 😮 HP[+2]
You regained 2 hp, and now have 24/42 hp.
Pikel attacks as you move away!
Pikel hits you with a +2 whip of electrocution!
* * * LOW HITPOINT WARNING * * *
You are electrocuted!
* * * LOW HITPOINT WARNING * * *
😱 HP[-18] MP[-3]
You take 18 damage, and now have 6/42 hp.
MASSIVE DAMAGE!! (PAUSE)
You lost 3 mp, and now have 1/15 mp.
Pikel attacks as you move away! Pikel barely misses you. 😱 HP[+2]
You regained 2 hp, and now have 8/42 hp. 😱 HP[+2]
You regained 2 hp, and now have 10/42 hp.
Pikel attacks as you move away!
Pikel hits you with a +2 whip of electrocution!
* * * LOW HITPOINT WARNING * * *
😱 HP[-5] MP[-1]
You take 5 damage, and now have 5/42 hp.
You lost 1 mp, and now have 0/15 mp.
Blink to where?
Press: ? - help, Q - select action, (/) - cycle Dir - move target
As you read the scroll of blinking {!r}, it crumbles to dust. 😱 HP[+2]
You regained 2 hp, and now have 7/42 hp. 😱 HP[+2] MP[+1]
You regained 2 hp, and now have 9/42 hp. 😨 HP[+2]
You regained 2 hp, and now have 11/42 hp. 😨 HP[+2]
You regained 2 hp, and now have 13/42 hp. 😨 HP[+1] 😨 HP[+2]
You regained 2 hp, and now have 16/42 hp. 😨 HP[+2]
You regained 2 hp, and now have 18/42 hp. 😨 HP[+2]
You regained 2 hp, and now have 20/42 hp. 😮 HP[+2] MP[+1]
You regained 2 hp, and now have 22/42 hp. 😮 HP[+2]
You regained 2 hp, and now have 24/42 hp. 😮 HP[+2]
You regained 2 hp, and now have 26/42 hp. 😮 HP[+2]
You regained 2 hp, and now have 28/42 hp. 😮 HP[+1] 😮 HP[+2]
You regained 2 hp, and now have 31/42 hp. 😕 HP[+2]
You regained 2 hp, and now have 33/42 hp. 😕 HP[+2]
You regained 2 hp, and now have 35/42 hp. 😕 HP[+2] MP[+1]
You regained 2 hp, and now have 37/42 hp. 😕 HP[+2]
You regained 2 hp, and now have 39/42 hp. 😕 HP[+2]
You regained 2 hp, and now have 41/42 hp. 😎 HP[+1]
Your hp is fully restored (42). 😎 MP[+1] Pikel cracks his whip.
You see here a +0 dagger {short}. 😎 MP[+1]
You block the gnoll's attack. Pikel attacks as you move away!
Pikel hits you with a +2 whip of electrocution.
You are electrocuted!!
* * * LOW HITPOINT WARNING * * *
😮 HP[-19] MP[-3]
You take 19 damage, and now have 23/42 hp.
MASSIVE DAMAGE!! (PAUSE)
You lost 3 mp, and now have 2/15 mp.
You open the door. Pikel waves his whip at you.
Pikel hits you with a +2 whip of electrocution.
* * * LOW HITPOINT WARNING * * *
The gnoll hits you from afar with a +0 spear.
* * * LOW HITPOINT WARNING * * *
😨 HP[-8] MP[-1]
You take 8 damage, and now have 15/42 hp.
You lost 1 mp, and now have 1/15 mp.
Pikel attacks as you move away!
Pikel hits you with a +2 whip of electrocution.
* * * LOW HITPOINT WARNING * * *
You are electrocuted!
You die...

Skill      XL: |  1  2  3  4  5  6  7 |
---------------+----------------------+-----
Axes           | 2 3 |  3.0
Spellcasting   | 1 2 3 4 |  4.1
Fighting       | 3 4 |  4.7
Shields        | 3 4 |  4.8
Armour         | 3 |  3.2
Fire Magic     | 1 3 |  3.1

Action                   |  1- 3 |  4- 6 |  7- 9 || total
-------------------------+-------+-------+-------++-------
Melee: War axe           |    85 |    87 |       ||   172
       Bite              |    18 |    35 |    34 ||    87
       Whip              |       |    94 |   116 ||   210
  Use: Scroll            |       |     6 |     1 ||     7
 Stab: Sleeping          |       |     1 |       ||     1
Armor: Scale mail        |    42 |    56 |       ||    98
       Troll leather arm |       |    12 |    22 ||    34
Dodge: Dodged            |    33 |    63 |    48 ||   144
Block: Buckler           |    13 |    43 |    22 ||    78

Levels and vault maps discovered:
D:1:      tarquinn_simple_flora_water_e, layout_basic,
          dreamdust_ecumenical_altar_grove
D:2:      layout_rooms, minmay_3d_cube
D:3:      layout_basic, lemuel_doored_altar, nicolae_ru_path_of_blood,
          serial_shops, shop, uniq_pargi, uniq_jessica
D:4:      layout_loops_corners, gammafunk_temple_overflow_claw, minivault_26,
          minivault_26, minmay_misc_feat_rugged,
          minmay_a_box_with_orc_wizards_in_it, uniq_edmund
D:5:      layout_rooms, mainiacjoe_overflow_paths, uniq_grinder, uniq_pikel

Notes
Turn   | Place    | Note
-------+----------+-------------------------------------------
     0 | D:1      | mcwallace the Vine Stalker Fighter began the quest for the
                  | Orb.
     0 | D:1      | Reached XP level 1. HP: 11/11 MP: 2/2
     0 | D:1      | magus.rc [v1.9.6]
   178 | D:1      | Reached XP level 2. HP: 16/16 MP: 3/3
   208 | D:1      | Reached skill level 2 in Axes
   528 | D:1      | Reached XP level 3. HP: 19/19 MP: 5/5
   768 | D:1      | Reached skill level 1 in Spellcasting
   775 | D:1      | Found a faded altar of an unknown god.
   785 | D:1      | Reached skill level 3 in Fighting
   785 | D:1      | Reached skill level 3 in Shields
  1063 | D:2      | HP: 4/20 [worm (3)]
  1221 | D:2      | Gained mutation: Your natural rate of healing is unusually
                  | fast. [Vine Stalker growth]
  1221 | D:2      | Reached XP level 4. HP: 23/24 MP: 6/6
  1250 | D:2      | You pick up a book of Vapours and begin reading...
  1250 | D:2      | You add the spells Poisonous Vapours, Cigotuvi's Dreadful
                  | Rot and Mephitic Cloud to your library.
  1588 | D:3      | Reached skill level 3 in Armour
  1588 | D:3      | Reached XP level 5. HP: 24/28 MP: 4/8
  1605 | D:3      | Reached skill level 2 in Spellcasting
  1762 | D:3      | Noticed Pargi
  1794 | D:3      | Killed Pargi
  1795 | D:3      | Reached XP level 6. HP: 23/32 MP: 8/10
  1942 | D:3      | Reached skill level 3 in Axes
  1998 | D:3      | Found a snail-covered altar of Cheibriados.
  2207 | D:3      | Found Ixitism's General Store.
  2211 | D:3      | You pick up a book of Minor Magic and begin reading...
  2211 | D:3      | You add the spells Magic Dart and Call Imp to your library.
  2217 | D:3      | Bought a scroll of identify for 20 gold pieces
  2253 | D:3      | You add the spells Olgreb's Toxic Radiance, Ozocubu's
                  | Refrigeration and Ignition to your library.
  2258 | D:3      | Noticed Jessica
  2264 | D:3      | Found a sacrificial altar of Ru.
  2270 | D:3      | Killed Jessica
  2618 | D:4      | Reached skill level 1 in Fire Magic
  2701 | D:4      | You pick up a book of Air and begin reading...
  2701 | D:4      | You add the spells Shock, Swiftness and Airstrike to your
                  | library.
  2865 | D:4      | Reached skill level 4 in Shields
  2865 | D:4      | Reached skill level 3 in Spellcasting
  2878 | D:4      | Noticed Edmund
  2888 | D:4      | HP: 8/33 [Edmund/+3 dire flail of holy wrath (11)]
  2986 | D:4      | Killed Edmund
  2987 | D:4      | Reached skill level 4 in Fighting
  2987 | D:4      | Reached XP level 7. HP: 23/37 MP: 6/12
  3084 | D:4      | Reached skill level 2 in Fire Magic
  3471 | D:4      | You pick up a book of Weapons and begin reading...
  3471 | D:4      | You add the spells Tukima's Dance, Portal Projectile and
                  | Blade Hands to your library.
  3783 | D:4      | Found an opulent altar of Gozag.
  3783 | D:4      | Found an ancient bone altar of Kikubaaqudgha.
  3783 | D:4      | Found a glowing golden altar of the Shining One.
  3931 | D:5      | Entered Level 5 of the Dungeon
  3931 | D:5      | Noticed Grinder
  3966 | D:4      | Killed Grinder
  3967 | D:4      | Reached skill level 4 in Spellcasting
  3967 | D:4      | Reached skill level 3 in Fire Magic
  3967 | D:4      | Gained mutation: You have razor-sharp teeth. [Vine Stalker
                  | growth]
  3967 | D:4      | Reached XP level 8. HP: 42/42 MP: 13/15
  4127 | D:5      | Noticed Pikel
  4155 | D:4      | HP: 5/42 [Pikel/+2 whip of electrocution (12)]
  4195 | D:4      | Slain by Pikel

Vanquished Creatures
  Grinder (D:4)
  Edmund (D:4)
  Pargi (D:3)
  A lemure (D:4)
  A scorpion (D:4)
  A hound (D:4)
  A jelly (D:5)
  Jessica (D:3)
  An iguana (D:4)
  9 orc wizards
  3 gnolls (D:4)
  4 adders
  3 worms
  5 dart slugs
  15 orcs
  11 ball pythons
  4 bats
  12 endoplasms
  6 giant cockroaches
  6 goblins
  10 hobgoblins
  2 jackals (D:2)
  5 kobolds
  3 quokkas
  3 frilled lizards
  4 rats
114 creatures vanquished.

Vanquished Creatures (others)
  2 fungi (D:1)
  A plant (D:1)
3 creatures vanquished.

Grand Total: 117 creatures vanquished

Table legend:
 A = Non-vault XP
 B = Vault XP
 C = Vault XP percentage of total XP
 D = Non-vault monster count
 E = Vault monster count
 F = Vault count percentage of total count
                 A         B        C        D         E       F
            +---------+---------+-------+---------+---------+-------
      Total |     609 |     786 |  56.3 |      98 |      15 |  13.3
            +---------+---------+-------+---------+---------+-------
        D:1 |      50 |       0 |   0.0 |      27 |       0 |   0.0
        D:2 |      49 |      21 |  30.0 |      18 |       6 |  25.0
        D:3 |     112 |     171 |  60.4 |      22 |       2 |   8.3
        D:4 |     353 |     594 |  62.7 |      29 |       7 |  19.4
        D:5 |      45 |       0 |   0.0 |       2 |       0 |   0.0
            +---------+---------+-------+---------+---------+-------

Illustrated notes

Table legend:
 A = Kills in this place as a percentage of kills in entire the game.
 B = Kills by you in this place as a percentage of kills by you in the entire game.
 C = Kills by friends in this place as a percentage of kills by friends in the entire game.
 D = Other kills in this place as a percentage of other kills in the entire game.
 E = Experience gained in this place as a percentage of experience gained in the entire game.
 F = Experience gained in this place divided by the number of levels of this place that you have seen.
                   A       B       C       D       E      F
               +-------+-------+-------+-------+-------+----------------------
         Total | 100.0 | 100.0 |   N/A |   N/A | 100.0 | 279.0
       Dungeon | 100.0 | 100.0 |   N/A |   N/A | 100.0 | 279.0
               +-------+-------+-------+-------+-------+----------------------

Table legend: (Time is in decaauts)
 A = Elapsed time spent in this place.
 B = Non-inter-level travel time spent in this place.
 C = Inter-level travel time spent in this place.
 D = Time resting spent in this place.
 E = Time spent auto-exploring this place.
 F = Levels seen in this place.
 G = Mean time per level.
                   A        B        C        D        E       F      G
               +--------+--------+--------+--------+--------+-----+--------+
         Total |   4282 |   4029 |    253 |     83 |   2928 |   5 |  856.4 |
       Dungeon |   4282 |   4029 |    253 |     83 |   2928 |   5 |  856.4 |
               +--------+--------+--------+--------+--------+-----+--------+

Top non-repeatable levels by time:
     D:4: 1558 daAuts
     D:3: 1129 daAuts
     D:1: 960 daAuts
     D:2: 607 daAuts
     D:5: 25 daAuts
